 Dungeon Crawl Stone Soup version 0.28-a0-511-gcc94558de3 (webtiles) character file.

Game seed: 12653582070418102343

53 Dittersdorf the Shield-Bearer (level 3, 0/24 HPs)
             Began as a Gargoyle Fighter on Sept 21, 2021.
             Slain by an adder (2 damage)
             ... on level 2 of the Dungeon.
             The game lasted 00:01:55 (2062 turns).

Dittersdorf the Shield-Bearer (Gargoyle Fighter)    Turns: 2062, Time: 00:01:55

Health: 0/24       AC: 11    Str: 20    XL:     3   Next: 89%
Magic:  3/3        EV:  9    Int:  8    God:
Gold:   82         SH:  4    Dex:  9    Spells: 2/2 levels left

rFire   . . .      SeeInvis .   a - +0 flail
rCold   + . .      Faith    .   c - +0 buckler
rNeg    + . .      Spirit   .   b - +0 scale mail
rPois   ∞          Reflect  .   g - +0 helmet
rElec   +          Harm     .   (no cloak)
rCorr   .          Rampage  .   (no gloves)
Will    .....                   (no boots)
Stlth   ..........              (no amulet)
HPRegen 0.08/turn               i - ring of protection from cold
MPRegen 0.08/turn               (no ring)

@: no status effects
A: sickness immunity, AC +3, negative energy resistance 1, electricity
resistance, torment resistance 1, petrification resistance
a: no special abilities


You were on level 2 of the Dungeon.
You visited 1 branch of the dungeon, and saw 3 of its levels.

You collected 82 gold pieces.

Inventory:

Hand Weapons
 a - a +0 flail (weapon)
Armour
 b - a +0 scale mail (worn)
 c - a +0 buckler (worn)
 g - a +0 helmet (worn)
Jewellery
 i - a ring of protection from cold (left hand)
 m - a +6 ring of dexterity
Wands
 k - a wand of charming (3)
Scrolls
 h - a scroll of enchant weapon {unknown}
 l - a scroll of teleportation {unknown}
Potions
 d - 2 potions of might
 e - a potion of magic {unknown}
 f - a potion of invisibility
 j - a potion of resistance {unknown}
 n - a potion of brilliance {unknown}


   Skills:
 + Level 3.8 Fighting
 + Level 2.6 Maces & Flails
 + Level 3.8 Armour
 + Level 3.8 Shields


You had 2 spell levels left.
You didn't know any spells.
Your spell library contained the following spells:

 Spells                   Type           Power      Damage    Failure   Level
 Animate Skeleton         Necr           0%         N/A       77%         1
 Pain                     Necr           0%         1d4       77%         1
 Passwall                 Tmut/Erth      0%         N/A       88%         2
 Swiftness                Air            0%         N/A       98%         3
 Vampiric Draining        Necr           0%         2d6       98%         3
 Invisibility             Hex            0%         N/A       100%        6


Dungeon Overview and Level Annotations

Branches:
Dungeon (3/15)

Altars:
Sif Muna


Innate Abilities, Weirdness & Mutations

You are immune to sickness and miasma.
Your stone body is resilient. (AC +3)
You are immune to poison.
You resist negative energy. (rN+)
You are resistant to electric shocks. (rElec)
You are resistant to unholy torment.
You are immune to petrification.


Message History

The orc is severely wounded.
The orc hits you with a +0 war axe.
* * * LOW HITPOINT WARNING * * *
The orc hits you but does no damage.
You sock the orc!
You kill the orc!
A bat comes into view.
You miss the kobold. The kobold hits you but does no damage.
An adder comes into view.
You block the bat's attack. The bat barely misses you.
The bat completely misses you. The bat hits you but does no damage.
The bat barely misses you. You block the bat's attack.
You block the bat's attack. The bat hits you but does no damage.
The bat hits you but does no damage.
There is a stone staircase leading up here.
You block the bat's attack. The adder closely misses you.
You climb upwards.
There is a stone staircase leading down here.
The adder completely misses you. The adder bites you but does no damage.
You closely miss the adder. The adder closely misses you.
The adder bites you but does no damage.
You barely miss the adder. The adder bites you but does no damage.
You miss the adder. The adder closely misses you.
The adder bites you but does no damage.
You closely miss the adder. You block the adder's attack.
The adder closely misses you.
You barely miss the adder. You block the adder's attack.
You closely miss the adder. The adder barely misses you.
The adder bites you but does no damage.
You closely miss the adder. You block the adder's attack.
The adder barely misses you.
You miss the adder. The adder barely misses you.
You miss the adder. The adder bites you.
* * * LOW HITPOINT WARNING * * *
The adder bites you.
You die...

#.##......).#
#(....#.#
##.###.####.#
#.#.###.#
##.#.## #.#
#.#.# #.#
##.## #.#
####...###.#
### #.#
#...........
#.#
#.########.#
#.#####.#####
#.#
#.#.........#
#.#
#@#.........#
#..
#S#.........#
###
#.#.........#
#...........#
###.........#
#>..(.....#
#.........#
#.........#
###########


You could see an adder.

Vanquished Creatures
  A dart slug (D:1)
  4 orcs (D:3)
  3 ball pythons
  6 endoplasms
  A giant cockroach (D:1)
  5 goblins
  2 hobgoblins
  3 jackals (D:1)
  5 kobolds
  A quokka (D:2)
  4 bats
  A frilled lizard (D:1)
  5 rats
41 creatures vanquished.

Notes
Turn   | Place    | Note
-------+----------+-------------------------------------------
     0 | D:1      | Dittersdorf the Gargoyle Fighter began the quest for the
                  | Orb.
     0 | D:1      | Reached XP level 1. HP: 14/14 MP: 1/1
   322 | D:1      | Reached XP level 2. HP: 19/19 MP: 2/2
   744 | D:1      | Reached XP level 3. HP: 23/23 MP: 3/3
  1143 | D:2      | Found a shimmering blue altar of Sif Muna.
  2018 | D:3      | HP: 1/24 [orc (4)]
  2062 | D:2      | Slain by an adder

Illustrated notes

Levels and vault maps discovered:
D:1:      scummos_arrival_gate, layout_loops_ring, minmay_misc_feat_five
D:2:      layout_loops_ring, basic_altar
D:3:      layout_loops_ring, uniq_natasha

Action                   || total
-------------------------++-------
Melee: Flail             ||   183
Armor: Scale mail        ||   108
Dodge: Dodged            ||    73
Block: Buckler           ||    49

Table legend: (Time is in decaauts)
 A = Elapsed time spent in this place.
 B = Non-inter-level travel time spent in this place.
 C = Inter-level travel time spent in this place.
 D = Time resting spent in this place.
 E = Time spent auto-exploring this place.
 F = Levels seen in this place.
 G = Mean time per level.
                   A        B        C        D        E       F      G
               +--------+--------+--------+--------+--------+-----+--------+
         Total |   2115 |   2025 |     90 |     58 |   1543 |   3 |  705.0 |
       Dungeon |   2115 |   2025 |     90 |     58 |   1543 |   3 |  705.0 |
               +--------+--------+--------+--------+--------+-----+--------+

Top non-repeatable levels by time:
     D:1: 1103 daAuts
     D:2: 829 daAuts
     D:3: 182 daAuts
